 Dungeon Crawl Stone Soup version 0.25-a0-424-g80bd347ae0 (webtiles) character file.

Game seed: 10937887690417019991, levelgen mode: deterministic

30 Nattfarinn the Caller (level 3, 0/19 HPs)
             Began as a Tengu Summoner on Jan 22, 2020.
             Slain by an orc priest
             ... wielding a +0 flail
              (4 damage)
             ... on level 2 of the Dungeon.
             The game lasted 00:02:59 (1232 turns).

Nattfarinn the Caller (Tengu Summoner)              Turns: 1232, Time: 00:03:00

Health: 0/19       AC:  2    Str:  9    XL:     3   Next: 18%
Magic:  7/7        EV: 13    Int: 15    God:
Gold:   74         SH:  0    Dex: 14    Spells: 3/6 levels left

rFire    . . .     SeeInvis .   e - +0 dagger
rCold    . . .     Gourm    .   (no shield)
rNeg     . . .     Faith    .   a - +0 robe
rPois    .         Spirit   .   (helmet restricted)
rElec    .         Reflect  .   (no cloak)
rCorr    .         Harm     .   (no gloves)
MR       .....                  (boots unavailable)
Stlth    ++........             (no amulet)
HPRegen  0.06/turn              (no ring)
MPRegen  0.10/turn              (no ring)

@: about to teleport
A: beak, talons 3
a: no special abilities


You were on level 2 of the Dungeon.
You were hungry.

You visited 1 branch of the dungeon, and saw 2 of its levels.

You collected 74 gold pieces.

Inventory:

Hand Weapons
 e - a +0 dagger (weapon)
Armour
 a - a +0 robe (worn)
Scrolls
 d - 2 scrolls of remove curse
 g - a scroll of amnesia {unknown}
 h - 2 scrolls of identify
 i - a scroll of teleportation
 j - a scroll of blinking {unknown}
Comestibles
 c - 2 rations


   Skills:
 + Level 2.8 Dodging
 - Level 2.0 Stealth
 - Level 2.0 Spellcasting
 * Level 5.7 Summonings


You had 3 spell levels left.
You knew the following spells:

 Your Spells              Type           Power        Failure   Level  Hunger
a - Summon Small Mammal   Summ           ###.         2%          1    #......
b - Call Imp              Summ           ###.....     3%          2    ###....

Your spell library contained the following spells:

 Spells                   Type           Power        Failure   Level  Hunger
 Call Canine Familiar     Summ           ###.....     6%          3    ###....
 Summon Guardian Golem    Hex/Summ       ##......     21%         3    ###....
 Summon Ice Beast         Ice/Summ       ##......     56%         4    #####..
 Summon Lightning Spire   Summ/Air       ##......     56%         4    #####..


Dungeon Overview and Level Annotations

Branches:
Dungeon (2/15)

Altars:


Innate Abilities, Weirdness & Mutations

You have a beak for a mouth.
You have claws for feet.


Message History

There is an open door here.
Your crimson imp hits the orc but does no damage.
The orc priest barely misses your crimson imp.
Okay, then.
It was a potion of heal wounds.
You feel much better.
The orc priest invokes the aid of Beogh against you.
Pain shoots through your body!
Ouch! That really hurt!
The orc hits you.
* * * LOW HITPOINT WARNING * * *
Your crimson imp blinks!
As you read the scroll labeled TUPEUF XA GITS, it crumbles to dust.
It is a scroll of identify.
d - 2 scrolls of remove curse The orc priest looks braver for a moment.
The orc barely misses you.
As you read the scroll labeled DEFU CEITOMU, it crumbles to dust.
You feel strangely unstable.
It was a scroll of teleportation.
The orc priest hits you with a +0 flail.
You die...

....o#.#.#. 8.........
.o...#.†.#####
....o..).....# #.(...#
#.#)### ...#o####
...#.#o##.###
.....#..o@....# #### ....
#......####### ###...
...#.#.5........#.###.#...
.....##.........#.#.#.#<..
................#.#.......
............#####.###.#...
.....>......# #.........
............# #####.#.##
.....#####÷## #.#.#


You could see 2 orc priests, an orc and a friendly crimson imp.

Vanquished Creatures
  2 dart slugs (D:1)
  2 orcs (D:2)
  A giant cockroach (D:1)
  2 jackals (D:2)
  2 bats (D:1)
  A goblin (D:1)
10 creatures vanquished.

Vanquished Creatures (collateral kills)
  An ooze (D:1)
  A worm (D:2)
  A dart slug (D:2)
  An orc (D:2)
  3 bats
  A goblin (D:1)
  A hobgoblin (D:1)
  2 kobolds
  2 rats
13 creatures vanquished.

Grand Total: 23 creatures vanquished

Notes
Turn   | Place    | Note
-------+----------+-------------------------------------------
     0 | D:1      | Nattfarinn the Tengu Summoner began the quest for the Orb.
     0 | D:1      | Reached XP level 1. HP: 10/10 MP: 4/4
    39 | D:1      | Reached skill level 5 in Summonings
   551 | D:1      | Reached XP level 2. HP: 15/15 MP: 6/6
   555 | D:1      | Learned a level 2 spell: Call Imp
  1203 | D:2      | Reached XP level 3. HP: 14/19 MP: 0/7
  1232 | D:2      | Slain by an orc priest

Levels and vault maps discovered:
D:1:      dpeg_arrival_orchard, layout_rooms, minmay_pentomino_v2
D:2:      cheibrodos_pilgrimage, layout_basic,
          chequers_temple_overflow_minitemple

Skill      XL: |  1 |
---------------+----+-----
Summonings     | 5 |  5.7
Dodging        | |  2.8
Stealth        | |  2.0
Spellcasting   | |  2.0

Action                   || total
-------------------------++-------
Melee: Unarmed           ||    21
       Dagger            ||    44
       Peck              ||     9
       Kick              ||     7
 Cast: Summon Small Mamm ||     6
       Call Imp          ||    10
  Use: Potion            ||     3
       Scroll            ||     2
 Stab: Sleeping          ||     2
  Eat: Chunk             ||     1
Armor: Robe              ||    24
Dodge: Dodged            ||    80

Table legend:
 A = Non-vault XP
 B = Vault XP
 C = Vault XP percentage of total XP
 D = Non-vault monster count
 E = Vault monster count
 F = Vault count percentage of total count
                 A         B        C        D         E       F
            +---------+---------+-------+---------+---------+-------
      Total |      35 |       8 |  18.6 |      19 |       4 |  17.4
            +---------+---------+-------+---------+---------+-------
        D:1 |      22 |       1 |   4.3 |      11 |       1 |   8.3
        D:2 |      13 |       7 |  35.0 |       8 |       3 |  27.3
            +---------+---------+-------+---------+---------+-------
